 Dungeon Crawl Stone Soup version 0.17-a0-1324-ga541562 (webtiles) character file.

1038 Fluffy the Basher (level 8, -6/48 HPs)
             Began as a Gargoyle Fighter on June 9, 2015.
             Was an Initiate of Okawaru.
             Killed from afar by a battlesphere (7 damage)
             ... created by emikaela's ghost
             ... on level 7 of the Dungeon.
             The game lasted 00:14:02 (6683 turns).

Fluffy the Basher (Gargoyle Fighter)                Turns: 6683, Time: 00:14:03

Health: -6/48      AC: 20    Str: 23    XL:     8   Next: 24%
Magic:  9/9        EV:  8    Int:  9    God:    Okawaru [......]
Gold:   324        SH: 10    Dex: 11    Spells: 0 memorised, 7 levels left

rFire  + . .     SeeInvis +     x - +1 mace (protect)
rCold  . . .     Clarity  .     t - +0 ring mail {rF+}
rNeg   + . .     SustAt   .     c - +0 shield
rPois  ∞         Gourm    .     (no helmet)
rElec  +         Spirit   .     (no cloak)
rCorr  +         Warding  .     i - +2 pair of gloves
rMut   .         Stasis   .     m - +0 pair of boots
MR     .....                    w - amulet of resist corrosion
Stlth  +.........               (no ring)
                                B - ring of see invisible (curse)

@: mighty, not resistant to hostile enchantments, very unstealthy
A: negative energy resistance 1, electricity resistance, weak 1, unbreathing,
petrification resistance, rot immunity, AC +5
a: Renounce Religion


You were on level 7 of the Dungeon.
You worshipped Okawaru.
Okawaru was noncommittal.
You were hungry.

You visited 2 branches of the dungeon, and saw 8 of its levels.
You also visited: Sewer.

You collected 324 gold pieces.

Inventory:

Hand weapons
 x - a +1 mace of protection (weapon)
Armour
 c - a +0 shield (worn)
 i - a +2 pair of gloves (worn)
 m - a +0 pair of boots (worn)
 t - a +0 ring mail of fire resistance (worn)
Jewellery
 w - an amulet of resist corrosion (around neck)
 B - a cursed ring of see invisible (left hand)
Magical devices
 u - a wand of random effects (18)
 A - a wand of fireball (14)
Scrolls
 h - 2 scrolls of remove curse
 k - a scroll of teleportation
 p - 2 scrolls of recharging
Potions
 f - a potion of flight
 g - a potion of magic
 l - 4 potions of curing
 n - 2 potions of brilliance {unknown}
 o - a potion of lignification {unknown}
 r - 2 potions of heal wounds {unknown}
 s - a potion of poison {unknown}
 z - a potion of haste {unknown}
 C - a potion of agility {unknown}
Comestibles
 e - 5 bread rations
 j - 3 fruits
 q - a meat ration
 v - 2 beef jerkies


   Skills:
 + Level 4.1 Fighting
 + Level 8.2 Maces & Flails
 + Level 4.1 Armour
 + Level 4.2 Shields
 + Level 2.3 Invocations


You had 7 spell levels left.
You didn't know any spells.

Dungeon Overview and Level Annotations

Branches:
Dungeon (7/15)             Temple (1/1) D:5

Altars:
Ashenzari
Cheibriados
Dithmenos
Elyvilon
Fedhas
Gozag
Kikubaaqudgha
Makhleb
Nemelex Xobeh
Okawaru
Qazlal
Ru
Sif Muna
Trog
Vehumet
Yredelemnul
Zin
The Shining One

Shops:
D:4 ?

Annotations:
D:7 emikaela's ghost, experienced DgCj


Innate Abilities, Weirdness & Mutations

You are resistant to torment.
Your stone body is resilient (AC +5).
You are immune to poison.
You resist negative energy.
You are resistant to electric shocks.
You can survive without breathing.
You are immune to petrification.
You are immune to rotting.
You are weak. (Str -2)


Message History

The magic dart hits you!
The battlesphere fires!
The barrage of energy hits you!
* * * LOW HITPOINT WARNING * * *
All of the chunks of flesh in your inventory have rotted away.
Drink which item? (? for menu, Esc to quit)
You feel very mighty all of a sudden.
You are feeling hungry.
You block emikaela's ghost's attack.
You hit emikaela's ghost but do no damage.
Emikaela's ghost is heavily damaged.
Emikaela's ghost gestures at you while chanting.
The magic dart hits you!
The battlesphere fires!
The barrage of energy hits you!
* * * LOW HITPOINT WARNING * * *
You hit emikaela's ghost but do no damage.
Emikaela's ghost is heavily damaged.
Emikaela's ghost casts a spell at you. The magic dart hits you!
The battlesphere fires!
The barrage of energy hits you!
You die...

#.'..*8...+.##.##.#
#####W..#### ..
#.(.# #.<.# #...#
#####W..###
##.....8...+
##.W##.....##
###..†@##...##
..$.......##.##
#####.....##+#
##*..## #####


You could see emikaela's ghost.

Vanquished Creatures
  An ogre (D:5)
  A crocodile (Sewer)
  3 scorpions
  2 crimson imps
  A giant frog skeleton (D:5)
  4 hounds
  A jelly (D:6)
  3 centaur skeletons
  Ijyb (D:3)
  An orc priest (D:6)
  Natasha (D:4)
  2 iguanas
  10 adders
  3 river rats (D:4)
  4 oozes
  An adder skeleton (D:4)
  4 worms
  6 giant geckos
  8 orcs
  16 goblins
  6 hobgoblins
  3 jackals (D:2)
  12 kobolds
  4 quokkas
  A ball python (D:5)
  12 bats
  6 giant cockroaches
  A giant gecko zombie (D:6)
  5 giant newts
  13 rats
136 creatures vanquished.

Notes
Turn   | Place    | Note
--------------------------------------------------------------
     0 | D:1      | Fluffy the Gargoyle Fighter began the quest for the Orb.
     0 | D:1      | Reached XP level 1. HP: 14/14 MP: 1/1
   191 | D:1      | Reached XP level 2. HP: 19/19 MP: 2/2
   605 | D:1      | Reached XP level 3. HP: 19/23 MP: 3/3
  1114 | D:2      | Found a snail-covered altar of Cheibriados.
  1158 | D:2      | Reached skill level 4 in Maces & Flails
  1184 | D:2      | Reached XP level 4. HP: 20/28 MP: 4/4
  1955 | D:3      | Noticed Ijyb
  1967 | D:3      | Killed Ijyb
  1967 | D:3      | Reached skill level 5 in Maces & Flails
  1967 | D:3      | Reached XP level 5. HP: 28/32 MP: 5/5
  2158 | D:3      | Found a shattered altar of Ashenzari.
  2228 | D:3      | Found a blossoming altar of Fedhas.
  2839 | D:4      | Found Emoots's Magic Scroll Shoppe.
  2887 | D:4      | Reached skill level 6 in Maces & Flails
  2902 | D:4      | Reached XP level 6. HP: 20/37 MP: 6/6
  2930 | D:4      | Found a glowing drain.
  2944 | Sewer    | Entered a sewer
  3602 | D:4      | Reached skill level 7 in Maces & Flails
  3868 | D:4      | Noticed Natasha
  3888 | D:4      | Killed Natasha
  4127 | D:4      | Reached XP level 7. HP: 41/41 MP: 7/7
  4385 | D:5      | Entered Level 5 of the Dungeon
  4562 | D:5      | Found a snail-covered altar of Cheibriados.
  4567 | D:5      | Got a pitted leather armour
  4578 | D:5      | Identified the cursed +0 leather armour "Moryicse" {*Contam rPois Dex+5} (You found it on level 5 of the Dungeon)
  4599 | D:5      | Gained mutation: You are weak. (Str -2) [mutagenic glow]
  4794 | D:5      | Found a staircase to the Ecumenical Temple.
  4815 | Temple   | Entered the Ecumenical Temple
  4850 | Temple   | Became a worshipper of Warmaster Okawaru
  5226 | D:5      | Reached skill level 8 in Maces & Flails
  5323 | D:5      | HP: 1/41 [ogre/giant club (14)]
  5326 | D:5      | Reached skill level 1 in Invocations
  5885 | D:6      | Reached XP level 8. HP: 38/48 MP: 9/9
  6332 | D:6      | Found a basalt altar of Yredelemnul.
  6332 | D:6      | Found a glowing silver altar of Zin.
  6334 | D:6      | Found a white marble altar of Elyvilon.
  6335 | D:6      | Found a sparkling altar of Nemelex Xobeh.
  6485 | D:7      | Noticed emikaela's ghost (experienced DgCj)
  6682 | D:7      | HP: 1/48 [battlesphere[emikaela's ghost] (9)]
  6683 | D:7      | Killed from afar by a battlesphere

Vault maps used:
D:1:      dpeg_arrival_simpleton_b, minmay_tree_intersection,
          minmay_misc_feat_iff, minmay_door_square
D:2:      cheibriados_altar_1, minmay_misc_feat_alley
D:3:      overflow_temple_1_default, nicolae_ashenzari_panopticon, uniq_iyjb
D:4:      serial_shops, kennysheep_little_box, portal_sewer_entry_e,
          hangedman_decor_opposing, uniq_natasha
D:5:      minmay_temple_entry_mist, first_bread, basic_altar
D:6:      minitemple, hex_tiny
D:7:      grunt_ogre_cave, st_stairs_10, grunt_ministairs_15, uniq_duvessa
Temple:   dpeg_five_rooms_temple_12
Sewer:    sewer_big_baddie

Action                   |  1- 3 |  4- 6 |  7- 9 || total
-------------------------+-------+-------+-------++-------
Melee: Flail             |   101 |   306 |   177 ||   584
       Mace              |       |       |   105 ||   105
Evoke: Wand              |       |       |     3 ||     3
  Use: Scroll            |       |     1 |     8 ||     9
       Potion            |       |       |     3 ||     3
  Eat: Chunk             |     1 |     9 |     9 ||    19
       Fruit             |       |       |     1 ||     1
